 Dungeon Crawl Stone Soup version 0.27-a0-1287-gca74d27db6 (webtiles) character file.

Game seed: 18150909053448568986

263 CowFu the Shield-Bearer (level 6, -9/53 HPs)
             Began as a Gnoll Fighter on June 14, 2021.
             Mangled by an orc wizard (11 damage)
             ... on level 5 of the Dungeon.
             The game lasted 00:03:03 (3907 turns).

CowFu the Shield-Bearer (Gnoll Fighter)             Turns: 3907, Time: 00:03:04

Health: -9/53      AC:  7    Str: 18    XL:     6   Next: 19%
Magic:  8/8        EV:  8    Int:  7    God:
Gold:   8          SH:  0    Dex: 11    Spells: 8/8 levels left

rFire    . . .     SeeInvis .   a - +0 long sword
rCold    . . .     Faith    .   c - +0 kite shield
rNeg     + . .     Spirit   .   b - +0 scale mail
rPois    .         Reflect  .   (no helmet)
rElec    .         Harm     .   (no cloak)
rCorr    .         Rampage  .   (no gloves)
Will     .....                  (no boots)
Stlth    ..........             (no amulet)
HPRegen  0.17/turn              j - ring of positive energy
MPRegen  0.11/turn              (no ring)

@: confused
A: fangs 1, strong nose, distributed training
a: no special abilities


You were on level 5 of the Dungeon.
You visited 1 branch of the dungeon, and saw 5 of its levels.

You collected 52 gold pieces.
You spent 44 gold pieces at shops.

Inventory:

Hand Weapons
 a - a +0 long sword (weapon)
 h - a +1 short sword of venom
Armour
 b - a +0 scale mail (worn)
 c - a +0 kite shield (worn)
Jewellery
 j - a ring of positive energy (left hand)
Scrolls
 f - 2 scrolls of identify
 i - 3 scrolls of amnesia {unknown}
 k - 2 scrolls of magic mapping {unknown}
 l - a scroll of noise {unknown}
 m - a scroll of vulnerability
 n - a scroll of summoning
 o - a scroll of enchant armour {unknown}
Potions
 d - 2 potions of might
 e - 3 potions of curing
 g - a potion of heal wounds {unknown}
 p - a potion of attraction {unknown}


   Skills:
 + Level 6.8 Fighting
 + Level 1.8 Short Blades
 + Level 4.9 Long Blades
 + Level 1.8 Axes
 + Level 1.8 Maces & Flails
 + Level 1.8 Polearms
 + Level 1.8 Staves
 + Level 1.8 Slings
 + Level 1.8 Bows
 + Level 1.8 Crossbows
 + Level 1.8 Throwing
 + Level 6.8 Armour
 + Level 1.8 Dodging
 + Level 1.8 Stealth
 + Level 6.8 Shields
 + Level 1.8 Unarmed Combat
 + Level 1.8 Spellcasting
 + Level 1.4 Conjurations
 + Level 1.4 Hexes
 + Level 1.4 Summonings
 + Level 1.4 Necromancy
 + Level 1.4 Translocations
 + Level 1.4 Transmutations
 + Level 1.4 Fire Magic
 + Level 1.4 Ice Magic
 + Level 1.4 Air Magic
 + Level 1.4 Earth Magic
 + Level 1.4 Poison Magic
 + Level 2.0 Invocations
 + Level 1.8 Evocations


You had 8 spell levels left.
You didn't know any spells.
Your spell library was empty.

Dungeon Overview and Level Annotations

Branches:
Dungeon (5/15)
 Temple: D:4-7

Altars:
Dithmenos
Elyvilon
Fedhas
Yredelemnul
Zin

Shops:
D:4 *


Innate Abilities, Weirdness & Mutations

You have very sharp teeth.
Your uncanny sense of smell can sniff out nearby items.
Your experience applies equally to all skills.


Message History

You closely miss the orc. Your bite misses the orc.
The orc is moderately wounded.
You block the orc's attack. x2
The orc wizard hits you with a +0 dagger.
An orc comes into view. It is wielding a +0 hand axe.
You closely miss the orc wizard. Your bite misses the orc wizard.
The orc hits you with a +0 flail. The orc wizard barely misses you.
The orc hits you with a +0 flail.
You hit the orc wizard.
The orc wizard is moderately wounded.
The orc wizard hits you but does no damage.
Something completely misses you. The orc hits you with a +0 dagger.
The orc hits you with a +0 flail!
You hear some strange, mumbled words.
A magic dart appears from out of thin air!
The magic dart hits you.
The orc wizard points at you and mumbles some strange words.
You are confused.
You miss the orc. Your bite misses the orc. The orc hits you with a +0 flail.
The orc wizard points at you and mumbles some strange words.
The puff of flame hits you.
You hear some strange, mumbled words.
A magic dart appears from out of thin air!
The magic dart hits you!
* * * LOW HITPOINT WARNING * * *
You're too confused to move!
The orc hits you with a +0 dagger.
* * * LOW HITPOINT WARNING * * *
The orc hits you but does no damage. The orc wizard barely misses you.
Something hits you but does no damage.
You hit the orc.
The orc is moderately wounded.
The orc priest hits you with a +0 flail.
* * * LOW HITPOINT WARNING * * *
The orc barely misses you. The orc hits you with a +0 flail.
* * * LOW HITPOINT WARNING * * *
The orc wizard hits you but does no damage.
Something hits you.
* * * LOW HITPOINT WARNING * * *
You are electrocuted!
You die...

...#.########
#...oo@o.<.#
#...o{oo##.#
#............
#.#.###.....<..
# #.
#.##.####.. #
#.# .# h #.# .#
#.# ..


You could see an orc priest, an orc wizard and 4 orcs.

Vanquished Creatures
  A scorpion (D:4)
  A hound (D:4)
  A centaur skeleton (D:4)
  An orc wizard (D:3)
  4 adders
  An ufetubus (D:5)
  A worm (D:3)
  2 dart slugs
  8 orcs
  9 ball pythons
  4 endoplasms
  4 giant cockroaches
  3 goblins
  7 hobgoblins
  A jackal (D:5)
  5 kobolds (D:2)
  A quokka (D:3)
  7 bats
  A frilled lizard (D:2)
  5 rats (D:3)
  2 toadstools (D:1)
69 creatures vanquished.

Vanquished Creatures (others)
  2 toadstools (D:1)
2 creatures vanquished.

Grand Total: 71 creatures vanquished

Notes
Turn   | Place    | Note
-------+----------+-------------------------------------------
     0 | D:1      | CowFu the Gnoll Fighter began the quest for the Orb.
     0 | D:1      | Reached XP level 1. HP: 23/23 MP: 1/1
   168 | D:1      | Reached XP level 2. HP: 26/29 MP: 2/2
  1165 | D:2      | Reached XP level 3. HP: 35/35 MP: 3/3
  1313 | D:2      | Reached skill level 1 in Invocations
  2133 | D:3      | Reached skill level 1 in Short Blades
  2133 | D:3      | Reached skill level 1 in Axes
  2133 | D:3      | Reached skill level 1 in Maces & Flails
  2133 | D:3      | Reached skill level 1 in Polearms
  2133 | D:3      | Reached skill level 1 in Staves
  2133 | D:3      | Reached skill level 1 in Slings
  2133 | D:3      | Reached skill level 1 in Bows
  2133 | D:3      | Reached skill level 1 in Crossbows
  2133 | D:3      | Reached skill level 1 in Throwing
  2133 | D:3      | Reached skill level 1 in Dodging
  2133 | D:3      | Reached skill level 1 in Stealth
  2133 | D:3      | Reached skill level 1 in Unarmed Combat
  2133 | D:3      | Reached skill level 1 in Spellcasting
  2133 | D:3      | Reached skill level 1 in Evocations
  2177 | D:3      | Found a white marble altar of Elyvilon.
  2242 | D:3      | Found a basalt altar of Yredelemnul.
  2280 | D:3      | Reached XP level 4. HP: 38/41 MP: 5/5
  2511 | D:3      | Reached skill level 1 in Conjurations
  2511 | D:3      | Reached skill level 1 in Hexes
  2511 | D:3      | Reached skill level 1 in Summonings
  2511 | D:3      | Reached skill level 1 in Necromancy
  2511 | D:3      | Reached skill level 1 in Translocations
  2511 | D:3      | Reached skill level 1 in Transmutations
  2511 | D:3      | Reached skill level 1 in Fire Magic
  2511 | D:3      | Reached skill level 1 in Ice Magic
  2511 | D:3      | Reached skill level 1 in Air Magic
  2511 | D:3      | Reached skill level 1 in Earth Magic
  2511 | D:3      | Reached skill level 1 in Poison Magic
  2788 | D:3      | Reached XP level 5. HP: 47/47 MP: 6/6
  2891 | D:4      | Found a shadowy altar of Dithmenos.
  2999 | D:4      | Found Citihy's Assorted Antiques.
  3007 | D:4      | Bought a scroll labelled SELAODI BOTHEE for 22 gold pieces
  3007 | D:4      | Bought a scroll labelled OCOTHIO EKHIU for 22 gold pieces
  3271 | D:4      | Found a blossoming altar of Fedhas.
  3281 | D:4      | Reached XP level 6. HP: 17/53 MP: 8/8
  3662 | D:4      | Found a glowing silver altar of Zin.
  3885 | D:5      | Entered Level 5 of the Dungeon
  3907 | D:5      | HP: 2/53 [something (2)]
  3907 | D:5      | Mangled by an orc wizard

Illustrated notes

Levels and vault maps discovered:
D:1:      ldierk_water_garden, layout_basic, kennysheep_nondescript
D:2:      layout_basic
D:3:      layout_loops_ring, kennysheep_ying_yang, minmay_misc_feat_enclosed
D:4:      kennysheep_big_flooded_room, layout_cave_pods, fedhas_altar_1,
          nicolae_dithmenos_through_a_glass_darkly,
          lemuel_coloured_pillars_altar, serial_shops,
          nicolae_shop_temple_entry_statues_fountains
D:5:      kennysheep_steamy, layout_loops_ring, nicolae_overflow_crystal_walls,
          serial_shops, nicolae_shop_waterfront

Skill      XL: |  1  2  3  4  5  6 |
---------------+-------------------+-----
Invocations    | 1 2 |  2.0
Short Blades   | 1 |  1.8
Axes           | 1 |  1.8
Maces & Flails | 1 |  1.8
Polearms       | 1 |  1.8
Staves         | 1 |  1.8
Slings         | 1 |  1.8
Bows           | 1 |  1.8
Crossbows      | 1 |  1.8
Throwing       | 1 |  1.8
Dodging        | 1 |  1.8
Stealth        | 1 |  1.8
Unarmed Combat | 1 |  1.8
Spellcasting   | 1 |  1.8
Evocations     | 1 |  1.8
Conjurations   | 1 |  1.4
Hexes          | 1 |  1.4
Summonings     | 1 |  1.4
Necromancy     | 1 |  1.4
Translocations | 1 |  1.4
Transmutations | 1 |  1.4
Fire Magic     | 1 |  1.4
Ice Magic      | 1 |  1.4
Air Magic      | 1 |  1.4
Earth Magic    | 1 |  1.4
Poison Magic   | 1 |  1.4
Fighting       | |  6.8
Long Blades    | |  4.9
Armour         | |  6.8
Shields        | |  6.8

Action                   |  1- 3 |  4- 6 || total
-------------------------+-------+-------++-------
Melee: Long sword        |   108 |   116 ||   224
       Bite              |    11 |    11 ||    22
  Use: Potion            |     1 |       ||     1
       Scroll            |       |     3 ||     3
Armor: Scale mail        |    47 |    64 ||   111
Dodge: Dodged            |    30 |    39 ||    69
Block: Kite shield       |    71 |    75 ||   146
       Rpst.: Long sword |    11 |    15 ||    26

Table legend: (Time is in decaauts)
 A = Elapsed time spent in this place.
 B = Non-inter-level travel time spent in this place.
 C = Inter-level travel time spent in this place.
 D = Time resting spent in this place.
 E = Time spent auto-exploring this place.
 F = Levels seen in this place.
 G = Mean time per level.
                   A        B        C        D        E       F      G
               +--------+--------+--------+--------+--------+-----+--------+
         Total |   3981 |   3861 |    120 |      0 |   3381 |   5 |  796.2 |
       Dungeon |   3981 |   3861 |    120 |      0 |   3381 |   5 |  796.2 |
               +--------+--------+--------+--------+--------+-----+--------+

Top non-repeatable levels by time:
     D:2: 1254 daAuts
     D:4: 1005 daAuts
     D:3: 872 daAuts
     D:1: 822 daAuts
     D:5: 26 daAuts
